 Dungeon Sprint DCSS version 0.31-a0-986-g5e6e4ef867 (webtiles) character file.

Game seed: 4235015598722623802

26102 sircluck the Brawler (level 12, 0/75 (143) HPs)
             Began as a Troll Berserker on Nov 13, 2023.
             Was a High Priest of Trog.
             Slain by a profane servitor
             ... wielding a +2 demon whip of draining
              (1 damage)
             ... in the Dungeon (Sprint VII: "The Pits").
             The game lasted 00:09:13 (1855 turns).

sircluck the Brawler (Troll Berserker)              Turns: 1855, Time: 00:09:13

HP:   0/75 (143)    AC: 12    Str: 32    XL:     12   Next: 95%
MP:   11/11         EV: 15    Int:  6    God:    Trog [*****.]
Gold: 21            SH:  0    Dex: 12    Spells: 11/11 levels left

rFire   + .          .
                       - Unarmed
rCold   . . .        (no shield)
rNeg    . . .        q - +0 troll leather armour
rPois   .            A - +2 hat "Vysy" {*Corrode rF+ Will+}
rElec   .            k - +2 cloak
rCorr   .            (gloves unavailable)
SInv    .            (boots unavailable)
Will    +....        (no amulet)
Stlth   +            o - +3 ring of intelligence
HPRegen 1.92/turn    l - +3 ring of dexterity
MPRegen 0.12/turn

%: no teleportation, corrode self (3%)
@: on berserk cooldown, slowed, wreathed by umbra, very heavily drained, very
slow
A: large, unfitting armour, claws 3, regeneration 1, shaggy fur 1, tough skin 1
a: Renounce Religion, Berserk, Trog's Hand, Brothers in Arms


You were in the Dungeon.
You worshipped Trog.
Trog was extremely pleased with you.
You visited 1 branch You collected 21 gold pieces.

Inventory:

Armour
 a - a +0 animal skin
 k - a +2 cloak (worn)
 q - a +0 troll leather armour (worn)
 A - the +2 hat "Vysy" (worn) {*Corrode rF+ Will+}
   (You acquired it in the Dungeon)

   rF+:       It protects you from fire.
   Will+:     It increases your willpower.
   *Corrode:  It may corrode you when you take damage.
 B - a scarf of shadows
Jewellery
 l - a +3 ring of dexterity (right claw)
 o - a +3 ring of intelligence (left claw)
 x - a ring of fire
 y - a ring of positive energy
Wands
 r - a wand of roots (6)
 u - a wand of digging (6)
 v - a wand of charming (3)
Scrolls
 g - 4 scrolls of identify
 i - 2 scrolls of vulnerability
 s - 2 scrolls of fog
 t - 2 scrolls of fear
 z - a scroll of acquirement
Potions
 b - 12 potions of curing
 c - 11 potions of heal wounds
 d - 2 potions of haste
 e - 4 potions of magic
 f - 4 potions of berserk rage
 h - 2 potions of invisibility
 m - a potion of might
 n - a potion of mutation
 p - 3 potions of resistance


   Skills:
 + Level 15.4 Fighting
 + Level 13.6 Armour
 + Level 15.3 Dodging
 + Level 18.0 Unarmed Combat


You had 11 spell levels left.
You didn't know any spells.
Your spell library was empty.

Dungeon Overview and Level Annotations

Branches:
Dungeon (1/1)

Altars:
Ashenzari
Cheibriados
Dithmenos
Elyvilon
Fedhas
Gozag
Hepliaklqana
Kikubaaqudgha
Makhleb
Nemelex Xobeh
Okawaru
Qazlal
Ru
Sif Muna
Trog
Uskayaw
Vehumet
Wu Jian
Xom
Yredelemnul
Zin
The Shining One
Jiyva
Lugonu


Innate Abilities, Weirdness & Mutations

You are too large for most types of armour.
You have claws for hands.
Your natural rate of healing is unusually fast.
You are covered in fur. (AC +1)
You have tough skin. (AC +1)


Message History

The acid dragon claws your butterfly.
Your butterfly dies!
Your butterfly disappears in a burst of colours!
You scratch the profane servitor but do no damage.
Your claw misses the profane servitor.
The profane servitor is moderately damaged.
You are no longer berserk.
You are exhausted.
You feel yourself slow down.
The profane servitor completely misses you.
The profane servitor hits you with a +2 demon whip of draining!
* * * LOW HITPOINT WARNING * * *
You feel drained.
* * * LOW HITPOINT WARNING * * *
You feel drained.
* * * LOW HITPOINT WARNING * * *
Read: 2 scrolls of fear
Press: ? - help, Q - select action, (/) - cycle Dir - look around, f - activate Look: a yaktaur, wielding a staff of fire (umbra, chance to affect: 90%)
Okay, then.
Unknown command.
Aiming: Charm
Press: ? - help, Q - select action, (/) - cycle Shift-Dir - straight line, f - profane servitor
Aim: a profane servitor, wielding a +2 demon whip of draining (moderately damaged, ally target, umbra, chance to affect: 0%)
Okay, then.
You feel much better.
Your butterfly disappears in a burst of colours!
The profane servitor hits you with a +2 demon whip of draining.
The profane servitor draws strength from your injuries!
You feel drained. The profane servitor barely misses you.
A death yak comes into view.
The profane servitor hits you with a +2 demon whip of draining!
* * * LOW HITPOINT WARNING * * *
The profane servitor draws strength from your injuries!
You feel drained.
* * * LOW HITPOINT WARNING * * *
The profane servitor hits you with a +2 demon whip of draining!
* * * LOW HITPOINT WARNING * * *
You feel drained.
You die...

#....................''
#..################..## #..# #c#
#..## #..# #N# #..## #..# #o#
#..## #..# #N# ##..## #..#
#.#)#..## #..#############)##..##
###########..b.b@ADN.....).....##
________.##..b.b.c.N.b.Y.......##
________.###########'b###########
______...###########''###########
########'##...........b....##..##
?(.')))'.##......#..#......##..##
########.##................''..##
..........'..).............)'..##
#####'#####......#..#......##..).


You could see a profane servitor (ally target), a death yak, a yaktaur, an acid
dragon and 2 nagas.

Vanquished Creatures
  A shadow dragon (D)
  A ghost moth (D)
  A stone giant (D)
  A catoblepas (D)
  A merfolk avatar (D)
  A death yak (D)
  Sonja (D)
  3 spriggans (D)
  A deep troll (D)
  2 flayed ghosts (D)
  A large abomination (D)
  A sea snake (D)
  2 deep elf zephyrmancers (D)
  An orc knight (D)
  A naga mage (D)
  A molten gargoyle (D)
  An eye of devastation (D)
  An orange demon (D)
  A freezing wraith (D)
  An ice devil (D)
  A polar bear (D)
  A hellwing (D)
  A hornet (D)
  A tarantella (D)
  4 dream sheep (D)
  A snapping turtle (D)
  A yak (D)
  2 wraiths (D)
  A ynoxinul (D)
  A steam dragon (D)
  A basilisk (D)
  A redback (D)
  2 nagas (D)
  A warg (D)
  An orc warrior (D)
  A sky beast (D)
  A swamp drake (D)
  2 kobold brigands (D)
  Blork the orc (D)
  A scorpion (D)
  3 wights (D)
  3 killer bees (D)
  3 jellies (D)
  An orc priest (D)
  Crazy Yiuf (D)
  A gnoll bouda (D)
  An iron imp (D)
  3 orc wizards (D)
  9 gnolls (D)
  A river rat (D)
  2 orcs (D)
  2 ball pythons (D)
  An endoplasm (D)
  2 giant cockroaches (D)
  2 goblins (D)
  A hobgoblin (D)
  2 jackals (D)
  A quokka (D)
  A ball python zombie (D)
  2 bats (D)
  A frilled lizard (D)
  2 rats (D)
95 creatures vanquished.

Vanquished Creatures (collateral kills)
  A fire giant (D)
  A black draconian (D)
  A yellow draconian (D)
  An eidolon (D)
  A minotaur (D)
  A boulder beetle (D)
  2 naga warriors (D)
  A spriggan (D)
  A sun demon (D)
  An ugly thing (D)
  An efreet (D)
  A rime drake (D)
  10 dream sheep (D)
  A hornet (D)
  A water elemental (D)
  4 yaks (D)
  A vampire (D)
  A black bear (D)
  A necrophage (D)
  5 killer bees (D)
  A gnoll bouda (D)
  An orc (D)
  A bat (D)
40 creatures vanquished.

Grand Total: 135 creatures vanquished

Notes
Turn   | Place    | Note
-------+----------+-------------------------------------------
     0 | D        | sircluck the Troll Berserker began the quest for the Orb.
     0 | D        | Reached XP level 1. HP: 22/22 MP: 0/0
    22 | D        | Found a bloodstained altar of Trog.
    22 | D        | Found a shimmering blue altar of Sif Muna.
    22 | D        | Found a viscous altar of Jiyva.
    22 | D        | Found a hazy altar of Hepliaklqana.
    22 | D        | Found an opulent altar of Gozag.
    23 | D        | Found a glowing golden altar of the Shining One.
    23 | D        | Found a glowing silver altar of Zin.
    23 | D        | Found a basalt altar of Yredelemnul.
    23 | D        | Found a shimmering altar of Xom.
    23 | D        | Found an ornate altar of the Wu Jian Council.
    23 | D        | Found a sacrificial altar of Ru.
    23 | D        | Found a stormy altar of Qazlal.
    23 | D        | Found an iron altar of Okawaru.
    23 | D        | Found a sparkling altar of Nemelex Xobeh.
    23 | D        | Found a burning altar of Makhleb.
    23 | D        | Found a blossoming altar of Fedhas.
    23 | D        | Found a white marble altar of Elyvilon.
    23 | D        | Found a shadowy altar of Dithmenos.
    23 | D        | Found a snail-covered altar of Cheibriados.
    25 | D        | Found a radiant altar of Vehumet.
    25 | D        | Found a corrupted altar of Lugonu.
    54 | D        | Noticed a scorpion
    59 | D        | Killed a scorpion
    59 | D        | Reached ** piety under Trog
    60 | D        | Reached skill level 5 in Unarmed Combat
    60 | D        | Reached XP level 2. HP: 30/33 MP: 1/1
    60 | D        | Reached XP level 3. HP: 36/40 MP: 2/2
    71 | D        | Reached XP level 4. HP: 49/49 MP: 3/3
    77 | D        | Reached *** piety under Trog
   128 | D        | Reached **** piety under Trog
   161 | D        | Reached skill level 5 in Fighting
   161 | D        | Reached skill level 5 in Dodging
   161 | D        | Reached skill level 6 in Unarmed Combat
   166 | D        | Noticed a kobold brigand
   183 | D        | Killed a kobold brigand
   184 | D        | Reached skill level 7 in Unarmed Combat
   184 | D        | Reached XP level 5. HP: 46/59 MP: 4/4
   207 | D        | Reached ***** piety under Trog
   237 | D        | Noticed Crazy Yiuf
   240 | D        | Reached skill level 8 in Unarmed Combat
   240 | D        | Reached XP level 6. HP: 68/68 MP: 5/5
   241 | D        | Killed Crazy Yiuf
   265 | D        | Noticed a freezing wraith
   273 | D        | Received a gift from Trog
   274 | D        | Reached skill level 1 in Armour
   274 | D        | Reached skill level 9 in Unarmed Combat
   277 | D        | Killed a freezing wraith
   278 | D        | Reached XP level 7. HP: 80/80 MP: 6/6
   278 | D        | Reached ****** piety under Trog
   353 | D        | Found a hide-covered altar of Uskayaw.
   353 | D        | Found an ancient bone altar of Kikubaaqudgha.
   353 | D        | Found a broken altar of Ashenzari.
   372 | D        | Noticed a deep troll
   388 | D        | Killed a deep troll
   389 | D        | Reached skill level 10 in Unarmed Combat
   389 | D        | Reached XP level 8. HP: 23/92 MP: 7/7
   392 | D        | Reached skill level 5 in Armour
   495 | D        | Noticed a deep elf zephyrmancer
   502 | D        | Received a gift from Trog
   510 | D        | Killed a deep elf zephyrmancer
   511 | D        | Reached skill level 11 in Unarmed Combat
   532 | D        | Noticed Sonja
   532 | D        | Noticed a spriggan rider
   532 | D        | Noticed a deep elf zephyrmancer
   540 | D        | Killed a spriggan rider
   540 | D        | Killed a hornet
   541 | D        | Reached skill level 10 in Fighting
   541 | D        | Reached skill level 10 in Dodging
   541 | D        | Reached skill level 12 in Unarmed Combat
   541 | D        | Reached XP level 9. HP: 74/101 MP: 8/8
   543 | D        | Killed Sonja
   543 | D        | Received a gift from Trog
   546 | D        | Killed a deep elf zephyrmancer
   597 | D        | Reached XP level 10. HP: 103/113 MP: 9/9
   598 | D        | Reached skill level 13 in Unarmed Combat
   600 | D        | Identified the +11 lajatang of Gehoj {flame, +Blink} (Trog
                  | gifted it to you in the Dungeon)
   600 | D        | Received a gift from Trog
   622 | D        | Noticed a naga warrior
   628 | D        | Noticed a naga mage
   628 | D        | Killed a naga warrior
   641 | D        | Killed a naga mage
   689 | D        | Noticed a minotaur
   699 | D        | Killed a minotaur
   700 | D        | Reached skill level 14 in Unarmed Combat
   704 | D        | Received a gift from Trog
   816 | D        | Noticed a flayed ghost
   849 | D        | Killed a flayed ghost
   850 | D        | Reached XP level 11. HP: 97/124 MP: 10/10
   852 | D        | Reached skill level 10 in Armour
   854 | D        | Received a gift from Trog
   866 | D        | Noticed an orc knight
   875 | D        | Killed an orc knight
   904 | D        | Received a gift from Trog
   995 | D        | Noticed a death yak
  1019 | D        | Killed a death yak
  1020 | D        | Reached skill level 15 in Unarmed Combat
  1024 | D        | Received a gift from Trog
  1028 | D        | Noticed an eidolon
  1039 | D        | Noticed a flayed ghost
  1043 | D        | Killed an eidolon
  1055 | D        | Killed a flayed ghost
  1076 | D        | Noticed Blork the orc
  1081 | D        | Killed Blork the orc
  1081 | D        | Received a gift from Trog
  1137 | D        | Killed a ghost moth
  1247 | D        | Received a gift from Trog
  1263 | D        | Noticed a large abomination
  1263 | D        | Noticed a sun demon
  1263 | D        | Noticed a boulder beetle
  1286 | D        | Killed a sun demon
  1287 | D        | Reached skill level 16 in Unarmed Combat
  1289 | D        | Killed a large abomination
  1291 | D        | Killed a boulder beetle
  1292 | D        | Reached XP level 12. HP: 78/137 MP: 11/11
  1377 | D        | Received a gift from Trog
  1511 | D        | Acquired the +2 hat "Vysy" {*Corrode rF+ Will+}
  1668 | D        | Noticed a catoblepas
  1668 | D        | Noticed a yellow draconian
  1674 | D        | Noticed a stone giant
  1677 | D        | Killed a yellow draconian
  1680 | D        | Killed a stone giant
  1680 | D        | Received a gift from Trog
  1681 | D        | Noticed a fire giant
  1686 | D        | Killed a fire giant
  1687 | D        | Reached skill level 17 in Unarmed Combat
  1690 | D        | Killed a catoblepas
  1777 | D        | Noticed a merfolk avatar
  1783 | D        | Killed a merfolk avatar
  1786 | D        | Noticed a naga warrior
  1787 | D        | Killed a naga warrior
  1790 | D        | Noticed a shadow dragon
  1802 | D        | Killed a shadow dragon
  1802 | D        | Received a gift from Trog
  1803 | D        | Reached skill level 15 in Fighting
  1803 | D        | Reached skill level 15 in Dodging
  1808 | D        | Identified the amulet of Connom {Reflect Fly Int+3 SH+5}
  1819 | D        | Noticed a black draconian
  1821 | D        | Killed a black draconian
  1821 | D        | Received a gift from Trog
  1822 | D        | Reached skill level 18 in Unarmed Combat
  1822 | D        | Noticed a profane servitor
  1854 | D        | HP: 3/86 [profane servitor/+2 demon whip of draining (3)]
  1855 | D        | Noticed a death yak
  1855 | D        | HP: 1/78 [profane servitor/+2 demon whip of draining (11)]
  1855 | D        | Slain by a profane servitor

Illustrated notes

Levels and vault maps discovered:
D:        pitsprint [storerooms_1, entrance_room_1, metal_vault_4, armoury_3,
          mini_pit_1, grid_room_1, main_hall_1, silver_pit, the_coven_3,
          the_vestibule_1, steel_vault_5, golden_pit, hallway_of_sentries,
          crystal_vault_5, iron_vault_3, final_vault]

Skill      XL: |  1  2  3  4  5  6  7  8  9 10 11 12 |
---------------+-------------------------------------+-----
Fighting       | 4 5 6 8 9 10 11 12 13 15 | 15.4
Dodging        | 4 5 6 8 9 10 12 13 15 | 15.3
Unarmed Combat | 5 7 8 9 10 12 14 16 18 | 18.0
Armour         | 3 4 6 7 9 11 13 | 13.6

Action                     |  1- 3 |  4- 6 |  7- 9 | 10-12 || total
---------------------------+-------+-------+-------+-------++-------
  Melee: Unarmed           |    14 |    48 |    34 |   221 ||   317
         Punch             |       |       |     1 |    18 ||    19
 Invoke: Brothers in Arms  |       |       |     2 |    13 ||    15
         Berserk           |       |       |     1 |     4 ||     5
    Use: Potion            |       |       |       |     7 ||     7
         Scroll            |       |       |       |     4 ||     4
 Armour: Animal skin       |    13 |    15 |    14 |       ||    42
         Troll leather arm |       |       |    16 |   162 ||   178
  Dodge: Dodged            |     8 |    19 |    24 |   126 ||   177

Table legend: (Time is in decaauts)
 A = Elapsed time spent in this place.
 B = Non-inter-level travel time spent in this place.
 C = Inter-level travel time spent in this place.
 D = Time resting spent in this place.
 E = Time spent auto-exploring this place.
 F = Levels seen in this place.
 G = Mean time per level.
                   A        B        C        D        E       F      G
               +--------+--------+--------+--------+--------+-----+--------+
         Total |   1811 |   1693 |    118 |    485 |    242 |   1 | 1811.0 |
       Dungeon |   1811 |   1693 |    118 |    485 |    242 |   1 | 1811.0 |
               +--------+--------+--------+--------+--------+-----+--------+

Top non-repeatable levels by time:
       D: 1811 daAuts
